 Dungeon Crawl Stone Soup version 0.28-a0-519-gbfeecf2fc5 (webtiles) character file.

Game seed: 18154259828576882516

32 siradein the Chucker (level 3, -1/35 HPs)
             Began as a Troll Hunter on Sept 24, 2021.
             Slain by Terence (7 damage)
             ... on level 2 of the Dungeon.
             The game lasted 00:02:31 (687 turns).

siradein the Chucker (Troll Hunter)                  Turns: 687, Time: 00:02:32

Health: -1/35      AC:  4    Str: 20    XL:     3   Next: 10%
Magic:  2/2        EV: 10    Int:  7    God:
Gold:   60         SH:  0    Dex: 11    Spells: 2/2 levels left

rFire   . . .      SeeInvis .   (no weapon)
rCold   . . .      Faith    .   (no shield)
rNeg    . . .      Spirit   .   b - +0 robe
rPois   .          Reflect  .   (helmet restricted)
rElec   .          Harm     .   (no cloak)
rCorr   .          Rampage  .   (gloves unavailable)
Will    .....                   (boots unavailable)
Stlth   +.........              (no amulet)
HPRegen 1.11/turn               (no ring)
MPRegen 0.08/turn               (no ring)

@: no status effects
A: large, unfitting armour, claws 3, regeneration 1, shaggy fur 1, tough skin 1
a: no special abilities


You were on level 2 of the Dungeon.
You visited 1 branch of the dungeon, and saw 2 of its levels.

You collected 60 gold pieces.

Inventory:

Missiles
 c - 5 large rocks
 d - 2 throwing nets
 f - 8 poisoned darts
 i - 34 stones (quivered)
Armour
 b - a +0 robe (worn)
Jewellery
 j - a ring of willpower
Scrolls
 e - a scroll of magic mapping {unknown}
 g - a scroll of teleportation {unknown}
 h - a scroll of noise {unknown}
Potions
 a - a potion of haste {unknown}
 k - a potion of berserk rage


   Skills:
 + Level 2.1 Fighting
 + Level 4.0 Throwing
 + Level 2.1 Dodging
 - Level 0.3 Stealth


You had 2 spell levels left.
You didn't know any spells.
Your spell library was empty.

Dungeon Overview and Level Annotations

Branches:
Dungeon (2/15)

Altars:

Annotations:
D:2 Terence


Innate Abilities, Weirdness & Mutations

You are too large for most types of armour.
You have claws for hands.
Your natural rate of healing is unusually fast.
You are covered in fur. (AC +1)
You have tough skin. (AC +1)


Message History

Terence the Incautious comes into view.
He is wielding a +0 mace.
Terence shouts!
Terence is nearby!
Terence is nearby!
Terence is nearby!
Terence is nearby!
Terence is nearby!
Throw: 37 stones
Press: ? - help, Q - select action, (/) - cycle Shift-Dir - straight line, f - Terence
Aim: Terence, wielding a +0 mace and wearing a +0 scale mail (63% to hit)
You throw a stone. The stone hits Terence.
Terence is lightly wounded.
Throw: 36 stones
Press: ? - help, Q - select action, (/) - cycle Shift-Dir - straight line, f/p - Terence
Aim: Terence, wielding a +0 mace and wearing a +0 scale mail (lightly wounded, 63% to hit)
You throw a stone. The stone hits Terence.
Terence is heavily wounded.
Throw: 35 stones
Press: ? - help, Q - select action, (/) - cycle Shift-Dir - straight line, f/p - Terence
Aim: Terence, wielding a +0 mace and wearing a +0 scale mail (heavily wounded, 63% to hit)
You throw a stone. The stone hits Terence.
Terence is heavily wounded.
Terence drinks a potion.
Terence goes berserk!
Terence closely misses you. Terence hits you with a +0 mace.
You scratch Terence.
Terence is severely wounded.
Terence hits you with a +0 mace!
You are too injured to fight recklessly!
You are too injured to fight recklessly!
You are too injured to fight recklessly!
You are too injured to fight recklessly!
You are too injured to fight recklessly!
You scratch Terence.
Terence is severely wounded.
Terence hits you with a +0 mace. Terence hits you with a +0 mace!
* * * LOW HITPOINT WARNING * * *
You barely miss Terence.
Terence is severely wounded.
Terence hits you with a +0 mace!
You die...

########## ###........#
..........# #.(......#
#..@.....#
###########@####...
######..................
.....>..########.####...
<...##### #..# ...###
##.# ##...## .#
###..####### ..
##.......# #[#........
#######.. .#.........


You could see Terence (berserk).

Vanquished Creatures
  2 adders (D:2)
  2 bats
  An endoplasm (D:1)
  2 giant cockroaches
  2 goblins (D:1)
  A quokka (D:1)
  4 ball pythons (D:1)
  A frilled lizard (D:1)
15 creatures vanquished.

Notes
Turn   | Place    | Note
-------+----------+-------------------------------------------
     0 | D:1      | siradein the Troll Hunter began the quest for the Orb.
     0 | D:1      | Reached XP level 1. HP: 19/19 MP: 0/0
    41 | D:1      | You fall into a shaft and drop 1 floor!
    47 | D:2      | Reached XP level 2. HP: 28/28 MP: 1/1
   179 | D:1      | Found a faded altar of an unknown god.
   430 | D:1      | Reached XP level 3. HP: 35/35 MP: 2/2
   639 | D:1      | Reached skill level 4 in Throwing
   680 | D:2      | Noticed Terence
   687 | D:2      | Slain by Terence

Illustrated notes

Levels and vault maps discovered:
D:1:      minmay_arrival_solitary_statue, layout_basic,
          hellmonk_ecumenical_altar_run_dry
D:2:      layout_rooms, uniq_terence

Skill      XL: |  1  2  3 |
---------------+----------+-----
Fighting       | 2 |  2.1
Dodging        | 2 |  2.1
Throwing       | 4 |  4.0
Stealth        | |  0.3

Action                   || total
-------------------------++-------
Melee: Unarmed           ||    47
Throw: Stone             ||     3
Armor: Robe              ||    17
Dodge: Dodged            ||    19

Table legend: (Time is in decaauts)
 A = Elapsed time spent in this place.
 B = Non-inter-level travel time spent in this place.
 C = Inter-level travel time spent in this place.
 D = Time resting spent in this place.
 E = Time spent auto-exploring this place.
 F = Levels seen in this place.
 G = Mean time per level.
                   A        B        C        D        E       F      G
               +--------+--------+--------+--------+--------+-----+--------+
         Total |    687 |    673 |     14 |      0 |    527 |   2 |  343.5 |
       Dungeon |    687 |    673 |     14 |      0 |    527 |   2 |  343.5 |
               +--------+--------+--------+--------+--------+-----+--------+

Top non-repeatable levels by time:
     D:1: 550 daAuts
     D:2: 136 daAuts
